 Dungeon Crawl Stone Soup version 0.23.1 (webtiles) character file.

Game seed: 14987389612086092394

84 Borgoz the Cutter (level 4, -6/37 HPs)
             Began as a Ghoul Gladiator on Mar 8, 2019.
             Mangled by Crazy Yiuf
             ... wielding a +4 quarterstaff of chaos
              (17 damage)
             ... on level 2 of the Dungeon.
             The game lasted 00:02:59 (1291 turns).

Borgoz the Cutter (Ghoul Gladiator)                 Turns: 1291, Time: 00:03:00

Health: -6/37      AC:  7    Str: 17    XL:     4   Next: 45%
Magic:  0/3        EV: 12    Int:  4    God:
Gold:   22         SH:  0    Dex: 10    Spells: 3/3 levels left

rFire    . . .     SeeInvis .   a - +0 rapier
rCold    + . .     Gourm    .   (no shield)
rNeg     + + +     Faith    .   b - +0 leather armour
rPois    ∞         Spirit   .   c - +0 helmet
rElec    .         Reflect  .   (no cloak)
rCorr    .         Harm     .   o - +2 pair of gloves
MR       .....                  (no boots)
Stlth    +.........             (no amulet)
HPRegen  0.00/turn              (no ring)
MPRegen  0.08/turn              (no ring)

@: rotting
A: rotting body, claws 1, carnivore, cold resistance 1, negative energy
resistance 3, inhibited regeneration, torment resistance, unbreathing
a: no special abilities


You were on level 2 of the Dungeon.
You were not hungry.

You visited 1 branch of the dungeon, and saw 2 of its levels.

You collected 22 gold pieces.

Inventory:

Hand Weapons
 a - a +0 rapier (weapon)
Missiles
 d - 3 throwing nets (quivered)
Armour
 b - a +0 leather armour (worn)
 c - a +0 helmet (worn)
 o - a +2 pair of gloves (worn)
Scrolls
 e - 3 scrolls of identify {unknown}
 h - 2 scrolls of noise {unknown}
 j - 2 scrolls of remove curse {unknown}
 l - 2 scrolls of magic mapping {unknown}
 n - a scroll of random uselessness {unknown}
 r - a scroll of enchant armour {unknown}
Potions
 i - a potion of agility {unknown}
 k - a potion of might {unknown}
 p - a potion of magic {unknown}
 q - 3 potions of curing
Comestibles
 f - 4 rations
 g - a chunk of flesh


   Skills:
 + Level 2.6 Fighting
 + Level 3.8 Short Blades
 - Level 1.7 Throwing
 + Level 1.1 Armour
 + Level 3.2 Dodging


You had 3 spell levels left.
You didn't know any spells.
Your spell library was empty.

Dungeon Overview and Level Annotations

Branches:
Dungeon (2/15)

Altars:
Okawaru

Annotations:
D:2 Crazy Yiuf


Innate Abilities, Weirdness & Mutations

Your body is rotting away.
You thrive on raw meat.
You are immune to poison.
You have sharp fingernails.
You are carnivorous and can eat meat at any time.
Your flesh is cold resistant. (rC+)
You are immune to negative energy. (rN+++)
You do not regenerate when monsters are visible.
You are immune to unholy pain and torment.
You can survive without breathing.


Message History

Crazy Yiuf is severely wounded.
Crazy Yiuf drinks a potion.
Crazy Yiuf is healed!
You closely miss Crazy Yiuf.
Crazy Yiuf hits you with a +4 quarterstaff of chaos!
* * * LOW HITPOINT WARNING * * *
Crazy Yiuf freezes you.
* * * LOW HITPOINT WARNING * * *
You feel much better.
You hit Crazy Yiuf.
Crazy Yiuf is moderately wounded.
Crazy Yiuf hits you with a +4 quarterstaff of chaos!
You hit Crazy Yiuf.
Crazy Yiuf is moderately wounded.
Crazy Yiuf hits you with a +4 quarterstaff of chaos.
* * * LOW HITPOINT WARNING * * *
Crazy Yiuf burns you.
* * * LOW HITPOINT WARNING * * *
It was a potion of curing.
You feel better.
Crazy Yiuf hits you with a +4 quarterstaff of chaos!
You die...

#........####..###
#)...##.#
#........# #....#
####....##..
##........# ♣P...♣
#.##....###.
#.........# ♣)P.♣♣
#.##....###+
#........)# ♣♣.♣♣
#...###.....
#.........# ♣.♣♣
#...# #.....
#.........# ♣♣.♣
#...# #.....
#.........# ♣)♣♣
#.### #.....
##.........# ♣♣@♣
#÷..# #.....
#..........# #g#
#...# #.....
#......##### ...
#...# #####'
#......# #...#
#...# ####.
#......# #..)#
#...# #....
#......# #####
#...# #....
#......# #...#
#.... #......#
######...# #....
#......#
#........# #....


You could see Crazy Yiuf.

Vanquished Creatures
  An adder (D:2)
  An ooze (D:2)
  3 dart slugs
  2 leopard geckos
  A giant cockroach (D:1)
  8 hobgoblins
  6 jackals (D:1)
  2 quokkas (D:2)
  9 bats
  5 frilled lizards
  11 goblins
  7 kobolds
  4 rats
60 creatures vanquished.

Notes
Turn   | Place    | Note
-------+----------+-------------------------------------------
     0 | D:1      | Borgoz the Ghoul Gladiator began the quest for the Orb.
     0 | D:1      | Reached XP level 1. HP: 17/17 MP: 0/0
    92 | D:1      | Reached XP level 2. HP: 11/24 MP: 1/1
   248 | D:1      | Reached XP level 3. HP: 24/30 MP: 2/2
   256 | D:1      | Found an iron altar of Okawaru.
   685 | D:2      | Reached XP level 4. HP: 30/37 MP: 3/3
   872 | D:2      | Reached skill level 1 in Armour
  1039 | D:2      | Found a runed translucent door.
  1040 | D:2      | Noticed Crazy Yiuf
  1291 | D:2      | Mangled by Crazy Yiuf

Skill      XL: |  1  2  3  4 |
---------------+-------------+-----
Short Blades   | 3 |  3.8
Dodging        | 3 |  3.2
Armour         | 1 |  1.1
Fighting       | |  2.6
Throwing       | |  1.7

Action                   |  1- 3 |  4- 6 || total
-------------------------+-------+-------++-------
Melee: Rapier            |   121 |    66 ||   187
  Use: Potion            |       |     2 ||     2
  Eat: Chunk             |     7 |     2 ||     9
Armor: Leather armour    |    37 |    25 ||    62
Dodge: Dodged            |    77 |    49 ||   126
